 Dungeon Crawl Stone Soup version 0.27.1-34-g3ba077fa99 (webtiles) character file.

Game seed: 10693684812233825515

2312 mcbry74 the Spear-Bearer (level 9, -1/69 HPs)
             Began as a Merfolk Gladiator on Jan 22, 2022.
             Was a Follower of the Shining One.
             Slain by a gnoll sergeant (8 damage)
             ... on level 6 of the Dungeon.
             The game lasted 00:19:16 (5055 turns).

mcbry74 the Spear-Bearer (Merfolk Gladiator)        Turns: 5055, Time: 00:19:20

Health: -1/69      AC:  7    Str: 12 (15) XL:     9   Next: 41%
Magic:  13/13      EV: 12    Int:  9 (10) God:    the Shining One [*.....]
Gold:   232        SH:  0    Dex: 13 (15) Spells: 8/8 levels left

rFire    . . .     SeeInvis .   C - +3 halberd (elec)
rCold    . . .     Faith    .   (shield currently unavailable)
rNeg     . . .     Spirit   .   y - +0 leather armour
rPois    .         Reflect  .   c - +1 helmet
rElec    .         Harm     .   B - +0 cloak
rCorr    .         Rampage  .   h - +0 pair of gloves
Will     .....                  (no boots)
Stlth    +.........             (no amulet)
HPRegen  0.21/turn              (no ring)
MPRegen  0.13/turn              (no ring)

@: lethally poisoned (-1 -> -12), glowing
A: (nimble swimmer 2), mertail
a: Renounce Religion


You were on level 6 of the Dungeon.
You worshipped the Shining One.
The Shining One was aware of your devotion.
You visited 2 branches of the dungeon, and saw 7 of its levels.

You collected 232 gold pieces.

Inventory:

Hand Weapons
 a - a +0 trident of electrocution
 b - a +0 hunting sling
 C - a +3 halberd of electrocution (weapon)
Missiles
 d - 2 throwing nets
 e - 131 stones
 q - 21 sling bullets
 z - 3 boomerangs (quivered)
 D - 7 javelins
 I - 7 poisoned darts
Armour
 c - a +1 helmet (worn)
 h - a +0 pair of gloves (worn)
 y - a +0 leather armour (worn)
 B - a +0 cloak (worn)
Jewellery
 m - a ring of wizardry
 x - a ring of protection from fire
 A - a ring of fire
Scrolls
 g - a scroll of magic mapping
 j - 2 scrolls of enchant armour
 k - a scroll of torment {unknown}
 l - 2 scrolls of teleportation {unknown}
 n - 3 scrolls of fog {unknown}
 o - a scroll of identify {unknown}
 p - 2 scrolls of vulnerability {unknown}
 s - 2 scrolls of holy word {unknown}
 t - a scroll of brand weapon
 w - a scroll of blinking {unknown}
 E - a scroll of silence {unknown}
 F - a scroll of immolation {unknown}
Potions
 f - 3 potions of degeneration
 i - 2 potions of haste {unknown}
 r - 2 potions of might {unknown}
 u - 2 potions of mutation {unknown}
 v - a potion of experience {unknown}
 G - 2 potions of magic {unknown}
 H - a potion of brilliance {unknown}


   Skills:
 + Level 6.0 Fighting
 + Level 12.3 Polearms
 + Level 5.5 Throwing
 - Level 4.0 Dodging
 + Level 5.5 Invocations


You had 8 spell levels left.
You didn't know any spells.
Your spell library contained the following spells:

 Spells                   Type           Power      Damage    Failure   Level
 Foxfire                  Conj/Fire      0%         2x1d4     45%         1
 Blink                    Tloc           N/A        N/A       61%         2
 Conjure Flame            Conj/Fire      0%         6-21      83%         3
 Inner Flame              Hex/Fire       0%         N/A       83%         3
 Lesser Beckoning         Tloc           0%         N/A       83%         3
 Manifold Assault         Tloc           0%         N/A       100%        5


Dungeon Overview and Level Annotations

Branches:
Dungeon (6/15)             Temple (1/1) D:4

Altars:
Ashenzari
Cheibriados
Dithmenos
Elyvilon
Gozag
Hepliaklqana
Makhleb
Okawaru
Qazlal
Ru
Sif Muna
Trog
Uskayaw
Wu Jian
Yredelemnul
The Shining One


Innate Abilities, Weirdness & Mutations

((You are quick and stealthy near water. (Stealth+, EV+, Speed+++)))
Your lower body shifts to a powerful aquatic tail in water.


Message History

You hit the gnoll sergeant but do no damage.
The gnoll sergeant is heavily wounded.
A gnoll comes into view. It is wielding a +0 whip.
The gnoll sergeant hits you from afar with a +2 trident of venom.
You are poisoned.
You reach to attack!
You closely miss the gnoll sergeant.
The gnoll sergeant is heavily wounded.
You feel very sick.
A black bear comes into view.
The gnoll sergeant hits you from afar with a +2 trident of venom.
You are more poisoned.
You reach to attack!
You barely miss the gnoll sergeant.
The gnoll sergeant is heavily wounded.
You feel very sick.
A gnoll comes into view. It is wielding a +0 whip.
The gnoll sergeant hits you from afar with a +2 trident of venom.
You are more poisoned.
You reach to attack!
You barely miss the gnoll sergeant.
The gnoll sergeant is heavily wounded.
You feel very sick.
You reach to attack!
You hit the gnoll sergeant but do no damage.
The gnoll sergeant is heavily wounded.
You feel very sick.
The gnoll sergeant hits you from afar with a +2 trident of venom!
You are lethally poisoned!
* * * LOW HITPOINT WARNING * * *
You feel very sick.
Found a stone staircase leading down.
* * * LOW HITPOINT WARNING * * *
You feel very sick.
* * * LOW HITPOINT WARNING * * *
You feel very sick.
It was a potion of degeneration.
There was something very wrong with that liquid.
You feel weakened.
You feel dopey.
You feel clumsy.
* * * LOW HITPOINT WARNING * * *
You feel very sick.
The gnoll sergeant hits you from afar with a +2 trident of venom!
You die...

##.....##.#.#
#..hg.......
#.g.$..# >. .
#.#gK.## .###.. #
#.##.## #.#....
#.###.##g###....#..
#........)g........
####.######.....##
# #.# ##@###.##.#
#.# #..# ...
#.#####.(###.#
#.##.........#
#.##>...##.###
#.##...###<#
#.###.## #.# #.#
#.# #.# #.# #.# #.#


You could see a gnoll sergeant.

Vanquished Creatures
  Pikel (D:4)
  The ghost of Panino the Skirmisher, an amateur DrTm of Nemelex Xobeh (D:5)
  Eustachio (D:4)
  2 water moccasins (D:5)
  A black bear (D:5)
  3 ogres (D:5)
  A centaur (D:5)
  A lemure (D:3)
  2 phantoms (D:5)
  A kobold brigand (D:6)
  A gnoll sergeant (D:5)
  2 scorpions (D:5)
  A water moccasin skeleton (D:4)
  A centaur zombie (D:5)
  2 orc priests (D:6)
  2 hounds (D:5)
  An iguana (D:5)
  2 orc wizards
  A hound skeleton (D:4)
  10 gnolls
  2 adders
  An ufetubus (D:6)
  An adder skeleton (D:4)
  2 dart slugs
  12 orcs
  8 ball pythons
  7 bats
  7 endoplasms
  3 giant cockroaches
  5 hobgoblins
  8 jackals (D:3)
  4 quokkas
  4 frilled lizards
  9 goblins
  10 kobolds
  5 rats
125 creatures vanquished.

Vanquished Creatures (others)
  2 plants (D:2)
2 creatures vanquished.

Grand Total: 127 creatures vanquished

Notes
Turn   | Place    | Note
-------+----------+-------------------------------------------
     0 | D:1      | mcbry74 the Merfolk Gladiator began the quest for the Orb.
     0 | D:1      | Reached XP level 1. HP: 16/16 MP: 1/1
    94 | D:1      | Reached skill level 5 in Polearms
   152 | D:1      | Reached XP level 2. HP: 22/22 MP: 2/2
   324 | D:1      | Reached skill level 6 in Polearms
   324 | D:1      | Reached XP level 3. HP: 27/27 MP: 3/3
   724 | D:2      | Found a faded altar of an unknown god.
  1463 | D:3      | Reached XP level 4. HP: 27/33 MP: 4/4
  1483 | D:3      | Reached skill level 7 in Polearms
  2111 | D:3      | Found a sacrificial altar of Ru.
  2161 | D:3      | Reached skill level 8 in Polearms
  2161 | D:3      | Reached XP level 5. HP: 29/38 MP: 5/5
  2658 | D:4      | Found a staircase to the Ecumenical Temple.
  2669 | D:4      | Reached skill level 9 in Polearms
  2677 | Temple   | Entered the Ecumenical Temple
  2795 | Temple   | Became a worshipper of the Shining One
  2947 | D:4      | Noticed Eustachio
  2991 | D:4      | Killed Eustachio
  2992 | D:4      | Reached skill level 10 in Polearms
  2992 | D:4      | Reached XP level 6. HP: 3/44 MP: 6/6
  3467 | D:4      | Noticed Pikel
  3718 | D:4      | Found a snail-covered altar of Cheibriados.
  3751 | D:4      | Killed Pikel
  3752 | D:4      | Reached XP level 7. HP: 35/52 MP: 6/8
  4048 | D:5      | Entered Level 5 of the Dungeon
  4093 | D:5      | Reached skill level 11 in Polearms
  4093 | D:5      | Reached XP level 8. HP: 60/60 MP: 10/10
  4240 | D:5      | Reached skill level 5 in Fighting
  4262 | D:5      | Reached * piety under the Shining One
  4268 | D:5      | Reached XP level 9. HP: 37/68 MP: 12/12
  4320 | D:5      | Reached skill level 12 in Polearms
  4320 | D:5      | Reached skill level 5 in Throwing
  4524 | D:5      | Identified the +6 falchion of Honour {spect, rF+}
  4611 | D:5      | Found a runed translucent gate.
  4612 | D:5      | Found a runed translucent gate.
  4613 | D:5      | Found a runed translucent gate.
  4615 | D:5      | Noticed Panino's ghost (amateur DrTm)
  4659 | D:5      | Reached skill level 5 in Invocations
  4822 | D:5      | Killed Panino's ghost
  5055 | D:6      | Slain by a gnoll sergeant

Illustrated notes

Levels and vault maps discovered:
D:1:      minmay_arrival_hallway, layout_basic, minmay_split_cup_small
D:2:      layout_basic, dreamdust_ecumenical_altar_hidden_monk_grotto,
          serial_forest, infiniplex_forest_end_2, infiniplex_forest_end_2,
          infiniplex_forest_straight_2, infiniplex_forest_side_room,
          infiniplex_forest_lined_2, infiniplex_forest_clump_large,
          infiniplex_forest_clump_double
D:3:      layout_loops_ring, nicolae_overflow_hidden_temple, lemuel_old_faithful
D:4:      layout_cave_pools, mainiacjoe_overflow_brackets,
          minmay_temple_entry_slanted, skrybe_limestone_x, uniq_eustachio,
          uniq_pikel
D:5:      layout_cave_pools, ebering_ghost_rock_garden
D:6:      kennysheep_slugbush, layout_loops_ring,
          nicolae_kikubaaqudgha_miasma_corner
Temple:   jpeg_temple_clearing

Skill      XL: |  1  2  3  4  5  6  7  8  9 |
---------------+----------------------------+-----
Polearms       | 5 6 8 10 11 12 | 12.3
Fighting       | 3 5 6 |  6.0
Throwing       | 3 4 5 |  5.5
Invocations    | 2 3 4 5 |  5.5
Dodging        | |  4.0

Action                   |  1- 3 |  4- 6 |  7- 9 || total
-------------------------+-------+-------+-------++-------
Melee: Trident           |   111 |   151 |       ||   262
       Halberd           |       |     6 |   101 ||   107
Throw: Stone             |    73 |    32 |       ||   105
       Throwing net      |       |     4 |       ||     4
       Boomerang         |       |       |    37 ||    37
  Use: Scroll            |       |     3 |     1 ||     4
       Potion            |       |       |     1 ||     1
 Stab: Held in net/web   |       |     2 |       ||     2
       Sleeping          |       |     1 |       ||     1
Armor: Leather armour    |    16 |    34 |    16 ||    66
       Skin              |       |    49 |       ||    49
Dodge: Dodged            |    57 |    64 |    36 ||   157
